 Dungeon Crawl Stone Soup version 0.31.0-32-g396128a36d (webtiles) character file.

Game seed: 6742167390549803749

20034 Dungobob the Cleaver (level 12, -8/106 HPs)
             Began as a Minotaur Fighter on Mar 20, 2024.
             Was a High Priest of Okawaru.
             Mangled by a +2 lajatang of pain (28 damage)
             ... on level 2 of the Elven Halls.
             The game lasted 00:37:22 (9800 turns).

Dungobob the Cleaver (Minotaur Fighter)             Turns: 9800, Time: 00:37:23

Health: -8/106     AC: 22    Str: 24    XL:     12   Next: 41%
Magic:  20/21      EV: 14    Int:  5    God:    Okawaru [*****.]
Gold:   613        SH: 13    Dex: 12    Spells: 9/11 levels left

rFire   . . .        d - +4 hand axe (vamp)
rCold   . . .        n - +0 kite shield
rNeg    . . .        a - quicksilver dragon scales
rPois   .            (helmet restricted)
rElec   .            G - +0 cloak
rCorr   .            l - +1 pair of gloves
SInv    .            B - +1 pair of boots
Will    +....        g - amulet of regeneration
Stlth   +            i - ring of magical power
HPRegen 1.17/turn    (no ring)
MPRegen 0.17/turn

%: no passive effects
@: lethally poisoned (-8 -> -8), silenced, heroic
A: horns 2, retaliatory headbutt, fangs 1, subdued magic 1, sturdy frame 1
a: Renounce Religion


You were on level 2 of the Elven Halls.
You worshipped Okawaru.
Okawaru was extremely pleased with you.
You visited 3 branches of the dungeon, and saw 13 of its levels.

You collected 1471 gold pieces.
You spent 858 gold pieces at shops.

Inventory:

Hand Weapons
 d - a +4 vampiric hand axe (weapon)
 I - a +2 hand axe of draining
Missiles
 u - a throwing net
 K - a datura-tipped dart
Armour
 a - quicksilver dragon scales (worn)
 e - a +1 plate armour of cold resistance
 l - a +1 pair of gloves (worn)
 n - a +0 kite shield (worn)
 B - a +1 pair of boots (worn)
 F - the +2 scale mail of the Apothecary {rC- MP+9 Str-2 Stlth+}
   (You found it on level 7 of the Dungeon)

   Str-2:     It affects your strength (-2).
   rC-:       It makes you vulnerable to cold.
   MP+9:      It affects your magic capacity (+9).
   Stlth+:    It makes you more stealthy.
 G - a +0 cloak (worn)
Jewellery
 g - an amulet of regeneration (around neck)
 i - a ring of magical power (left hand)
 L - an amulet of the acrobat
Wands
 w - a wand of roots (10)
 y - a wand of acid (6)
Scrolls
 b - 2 scrolls of enchant armour {unknown}
 c - a scroll of blinking {unknown}
 f - a scroll of silence
 k - 2 scrolls of amnesia
 o - 3 scrolls of fog
 p - 3 scrolls of vulnerability
 r - a scroll of torment {unknown}
 s - 3 scrolls of teleportation
 t - a scroll of enchant weapon {unknown}
 v - a scroll of acquirement {unknown}
 E - a scroll of revelation {unknown}
Potions
 h - 3 potions of curing
 j - a potion of heal wounds
 m - 5 potions of brilliance
 q - a potion of lignification
 z - a potion of enlightenment {unknown}
 A - 2 potions of cancellation
 D - a potion of resistance {unknown}
 H - a potion of attraction {unknown}


   Skills:
 + Level 9.7(14.7) Fighting
 + Level 13.7(18.7) Axes
 + Level 11.3(16.3) Armour
 + Level 3.5(8.5) Dodging
 + Level 11.2(16.2) Shields
 * Level 6.5 Translocations
 + Level 2.4 Invocations


You had 9 spell levels left.
You knew the following spells:

 Your Spells              Type           Power      Damage    Failure   Level
a - Blink                 Tloc           10%        N/A       7%          2

Your spell library contained the following spells:

 Spells                   Type           Power      Damage    Failure   Level
 Kiss of Death            Conj/Necr      0%         2d5       61%         1
 Magic Dart               Conj           0%         1d3       61%         1
 Shock                    Conj/Air       0%         1d3       61%         1
 Dimensional Bullseye     Hex/Tloc       1%         N/A       90%         4
 Confusing Touch          Hex            0%         N/A       93%         3
 Sigil of Binding         Hex            0%         N/A       93%         3
 Swiftness                Air            0%         N/A       93%         3
 Airstrike                Air            0%         2d(0-16)  100%        4
 Dispel Undead            Necr           0%         3d6       100%        4
 Olgreb's Toxic Radiance  Alch           0%         N/A       100%        4
 Ozocubu's Refrigeration  Ice            0%         4d7       100%        7
 Discord                  Hex            0%         N/A       100%        8
 Lehudib's Crystal Spear  Conj/Erth      0%         10d2      100%        8
 Shatter                  Erth           0%         3d5*      100%        9
 Call Imp                 Summ           Unusable   N/A       N/A         2
 Call Canine Familiar     Summ           Unusable   N/A       N/A         3

Dungeon Overview and Level Annotations

Branches:
Dungeon (9/15)             Temple (0/1) D:6             Orc (2/2) D:9
    Elf (1/3) Orc:2
   Lair: D:8-11

Altars:
Cheibriados
Elyvilon
Gozag
Okawaru
Qazlal
Wu Jian
Xom
Zin

Shops:
D:6 [   D:7 [   Orc:2 (:?*


Innate Abilities, Weirdness & Mutations

You have a pair of horns on your head.
You reflexively headbutt those who attack you in melee.
You have very sharp teeth.
Your spells are a little easier to cast, but a little less powerful.
Your movements are slightly less encumbered by armour. (ER -2)


Message History

The +2 heavy trident hits you from afar!!
* * * LOW HITPOINT WARNING * * *
The deep elf knight unwields a +0 long sword.
The deep elf knight wields a +0 longbow.
The deep elf knight shoots an arrow.
You block the arrow.
You block the +4 glaive of venom's attack.
Okay, then.
As you read the scroll labelled EGRIAP ARIGOXU, it crumbles to dust.
A profound silence engulfs you.
It was a scroll of silence.
The +2 heavy trident hits you but does no damage.
You block the +5 heavy halberd's attack.
You block the +4 glaive of venom's attack.
Magic scrolls do not work when you're silenced!
Magic scrolls do not work when you're silenced!
The +2 heavy trident hits you but does no damage.
The +5 heavy halberd hits you!!
* * * LOW HITPOINT WARNING * * *
The +4 glaive of venom attacks as it pursues you!
You block the +4 glaive of venom's attack.
Unknown command.
You feel much better.
The +2 heavy trident closely misses you.
You block the +5 heavy halberd's attack.
The +4 glaive of venom hits you from afar.
* * * LOW HITPOINT WARNING * * *
You are poisoned.
Unknown command.
You feel much better.
You feel sick. The +2 heavy trident hits you.
The +4 glaive of venom closely misses you.
The +5 heavy halberd hits you!
* * * LOW HITPOINT WARNING * * *
The +2 lajatang of pain closely misses you.
The +2 heavy trident hits you!
* * * LOW HITPOINT WARNING * * *
You feel sick.
The +5 heavy halberd hits you but does no damage.
You block the +4 glaive of venom's attack.
The +2 heavy trident hits you but does no damage.
The +2 lajatang of pain hits you!!
You die...

## ##### ...
##...## ....
##.....## ..
.....#.......#....
...................
.......@(.e........
.......(((.........
............###....
...........## #...
...........# ...
..........## ..
........###
.......##


You could see a deep elf knight and 4 dancing weapons.

Vanquished Creatures
  Erica (D:9)
  3 two-headed ogres
  The ghost of Pumpkin69 the Fighter, a novice OpFi of Zin (D:7)
  The ghost of Charlie33ad the Cleaver, a novice OpBe of Trog (D:7)
  A deep elf pyromancer (Orc:2)
  A deep elf zephyrmancer (Orc:2)
  4 orc knights
  9 kobold blastminers
  Joseph (D:9)
  Jeremiah (D:9)
  A troll (Orc:1)
  2 hornets
  A wyvern (D:9)
  7 yaks
  A steam dragon (D:6)
  A warg (Orc:1)
  A water moccasin (D:8)
  35 orc warriors
  7 ogres
  A swamp drake (D:9)
  An ice beast (D:5)
  2 sky beasts
  11 centaurs
  A kobold brigand (D:9)
  2 bullfrogs
  A gnoll sergeant (D:7)
  4 scorpions
  14 wights
  5 killer bees (D:9)
  An electric eel (D:6)
  4 howler monkeys
  3 jellies
  2 bombardier beetles
  3 gnoll boudas
  2 hounds
  3 sleepcaps
  13 orc priests
  6 iguanas
  16 orc wizards
  Robin (D:3)
  18 gnolls
  9 adders
  A white imp (D:7)
  3 dart slugs
  65 orcs
  10 ball pythons
  3 bats (D:1)
  5 endoplasms
  2 giant cockroaches (D:2)
  10 goblins
  9 hobgoblins
  4 jackals (D:4)
  8 kobolds
  4 quokkas
  4 frilled lizards
  2 rats (D:1)
  A butterfly (D:8)
333 creatures vanquished.

Vanquished Creatures (others)
  An ogre (Orc:2)
  An orc (Orc:2)
2 creatures vanquished.

Grand Total: 335 creatures vanquished

Notes
Turn   | Place    | Note
-------+----------+-------------------------------------------
     0 | D:1      | Dungobob the Minotaur Fighter began the quest for the Orb.
     0 | D:1      | Reached XP level 1. HP: 19/19 MP: 0/0
    31 | D:1      | Found a faded altar of an unknown god.
   139 | D:1      | Reached XP level 2. HP: 25/27 MP: 1/1
   718 | D:2      | Reached XP level 3. HP: 33/33 MP: 2/2
   814 | D:2      | Reached skill level 3 in Axes
   863 | D:2      | Found an iron altar of Okawaru.
   880 | D:2      | Became a worshipper of Warmaster Okawaru
   917 | D:2      | Noticed a scorpion
   923 | D:2      | Killed a scorpion
   924 | D:2      | Reached XP level 4. HP: 34/40 MP: 3/3
  1535 | D:3      | Noticed Robin
  1545 | D:3      | Killed Robin
  1546 | D:3      | Reached skill level 5 in Armour
  1965 | D:4      | Reached skill level 4 in Axes
  1965 | D:4      | Reached XP level 5. HP: 47/47 MP: 4/4
  2090 | D:4      | Found an iron altar of Okawaru.
  2396 | D:4      | Reached XP level 6. HP: 53/53 MP: 5/5
  2576 | D:5      | Entered Level 5 of the Dungeon
  2590 | D:5      | Reached * piety under Okawaru
  2591 | D:5      | Reached skill level 5 in Axes
  2597 | D:5      | Reached skill level 5 in Shields
  2721 | D:5      | Noticed an ice beast
  2733 | D:5      | Killed an ice beast
  2734 | D:5      | Reached XP level 7. HP: 60/60 MP: 6/6
  2783 | D:5      | Found a glowing silver altar of Zin.
  3203 | D:6      | Reached skill level 5 in Fighting
  3240 | D:6      | Found a staircase to the Ecumenical Temple.
  3260 | D:6      | Reached skill level 6 in Axes
  3262 | D:6      | Identified the orb of Bursted Fun {guile, SInv Fire}
  3336 | D:6      | Found an opulent altar of Gozag.
  3381 | D:6      | Noticed a steam dragon
  3385 | D:6      | Reached XP level 8. HP: 10/68 MP: 4/7
  3388 | D:6      | Reached skill level 1 in Translocations
  3507 | D:6      | Found a shimmering altar of Xom.
  3584 | D:6      | Reached skill level 7 in Axes
  3685 | D:6      | Found Ykhloy's Armour Boutique.
  3688 | D:6      | Bought a +1 pair of boots for 138 gold pieces
  3779 | D:6      | Found a snail-covered altar of Cheibriados.
  3780 | D:6      | Found an ornate altar of the Wu Jian Council.
  3891 | D:7      | Reached ** piety under Okawaru
  4044 | D:7      | Reached skill level 1 in Invocations
  4070 | D:7      | Identified the +2 scale mail of the Apothecary {rC- MP+9
                  | Str-2 Stlth+}
  4097 | D:7      | Noticed a hornet
  4107 | D:7      | Paralysed by a hornet for 2 turns
  4116 | D:7      | Killed a hornet
  4117 | D:7      | Reached skill level 8 in Axes
  4426 | D:7      | Reached XP level 9. HP: 55/75 MP: 6/8
  4510 | D:7      | Found Bouji's Armour Boutique.
  4577 | D:7      | Found a runed translucent gate.
  4577 | D:7      | Found a runed translucent gate.
  4577 | D:7      | Found a runed translucent gate.
  4579 | D:7      | Noticed Charlie33ad's ghost (novice OpBe)
  4579 | D:7      | Noticed Pumpkin69's ghost (novice OpFi)
  4791 | D:7      | Killed Pumpkin69's ghost
  4791 | D:7      | Reached *** piety under Okawaru
  4792 | D:7      | Reached skill level 9 in Axes
  4800 | D:7      | Killed Charlie33ad's ghost
  4801 | D:7      | Reached skill level 10 in Axes
  4968 | D:8      | Reached **** piety under Okawaru
  5057 | D:8      | Got Lehudib's Treatise on the Fault
  5063 | D:8      | Reached XP level 10. HP: 86/86 MP: 9/9
  5105 | D:8      | Noticed a two-headed ogre
  5120 | D:8      | Killed a two-headed ogre
  5133 | D:8      | Learned a level 2 spell: Blink
  5315 | D:8      | Paralysed by a hornet for 3 turns
  5401 | D:8      | Found a white marble altar of Elyvilon.
  5411 | D:8      | Reached skill level 11 in Axes
  5534 | D:8      | Found a stormy altar of Qazlal.
  5688 | D:9      | Identified the +1 falchion of the Depths {venom, Int+6}
  5695 | D:9      | Noticed Jeremiah
  5734 | D:9      | Killed Jeremiah
  5838 | D:9      | Noticed a two-headed ogre
  5852 | D:9      | Killed a two-headed ogre
  5852 | D:9      | Reached ***** piety under Okawaru
  5852 | D:9      | Received a gift from Okawaru
  5853 | D:9      | Reached skill level 10 in Armour
  5928 | D:9      | Noticed a two-headed ogre
  5943 | D:9      | Killed a two-headed ogre
  5944 | D:9      | Reached XP level 11. HP: 89/94 MP: 8/11
  6610 | D:9      | Found a staircase to the Orcish Mines.
  6735 | D:9      | Noticed Joseph
  6751 | D:9      | Killed Joseph
  6752 | D:9      | Reached skill level 12 in Axes
  6998 | D:9      | Reached skill level 5 in Translocations
  7288 | D:9      | Gained mutation: Your health recovers twice as slowly from
                  | being drained. [potion of mutation]
  7289 | D:9      | Lost mutation: Your health recovers twice as slowly from
                  | being drained. [potion of mutation]
  7289 | D:9      | Gained mutation: You have very sharp teeth. [potion of
                  | mutation]
  7289 | D:9      | Gained mutation: Your spells are a little easier to cast,
                  | but a little less powerful. [potion of mutation]
  7289 | D:9      | Gained mutation: Your movements are slightly less
                  | encumbered by armour. (ER -2) [potion of mutation]
  7291 | Orc:1    | Entered Level 1 of the Orcish Mines
  7291 | Orc:1    | Noticed Erica
  7315 | D:9      | Killed Erica
  7409 | Orc:1    | Reached skill level 1 in Dodging
  7881 | D:7      | Bought quicksilver dragon scales for 720 gold pieces
  8014 | Orc:2    | Entered Level 2 of the Orcish Mines
  8152 | Orc:2    | Noticed an orc knight
  8191 | Orc:1    | Killed an orc knight
  8520 | Orc:2    | Found a staircase to the Elven Halls.
  8868 | Orc:1    | Reached skill level 13 in Axes
  8912 | Orc:2    | Reached skill level 10 in Shields
  8918 | Orc:2    | Noticed an orc knight
  8929 | Orc:2    | Killed an orc knight
  8981 | Orc:2    | Reached XP level 12. HP: 38/105 MP: 12/12
  9604 | Orc:2    | Found Eghuim's Magic Scroll Emporium.
  9604 | Orc:2    | Found Edyt Buu's Book Boutique.
  9606 | Orc:2    | Found Vydos's Antique Weapon Shop.
  9608 | Orc:2    | Found Qan Cate Ikk's Assorted Antiques.
  9755 | Elf:1    | Entered Level 1 of the Elven Halls
  9786 | Elf:1    | You fall into a shaft and drop 1 floor!
  9800 | Elf:2    | Mangled by a +2 lajatang of pain

Illustrated notes

Levels and vault maps discovered:
D:1:      heliophobic_arrival_battle_scene, layout_basic,
          hellmonk_ecumenical_altar_heavens_door
D:2:      layout_loops_ring, basic_altar, minmay_pentomino_z2
D:3:      layout_loops_ring, uniq_robin
D:4:      layout_loops_cross, general_overflow_altar
D:5:      layout_basic, zin_statuary, minivault_24,
          chequers_serial_rivers_small_a
D:6:      layout_rooms, amcnicky_altar_gilded, grunt_gozag_statues,
          gammafunk_temple_overflow_pools, minmay_temple_entry_slanted,
          serial_shops, kennysheep_mini_moat, fountainhead
D:7:      layout_loops_ring, gammafunk_ghost_cemetery, serial_shops, shop,
          kennysheep_nub
D:8:      layout_gridville, mainiacjoe_overflow_boulevard,
          nicolae_elyvilon_peaceful_grove
D:9:      layout_basic, erik_orc_1, uniq_joseph, uniq_jeremiah
Orc:1:    layout_caves, statue_in_the_mist_lemuel, david_defended_altar_orc,
          uniq_erica
Orc:2:    st_orc_rangers, layout_diamond_mine, nicolae_orc_crystal_seam
Elf:1:    layout_geoelf_grid, serial_shops, shop, nicolae_shop_dealshenge,
          nicolae_shop_crystal, shop, hangedman_elf_represent,
          lemuel_upstairs_altar, uniq_asterion
Elf:2:    nicolae_elf_blades_crystal_corner, layout_geoelf_octagon,
          solitary_fountain, nicolae_elf_glass_and_crystal_pillar_1, uniq_azrael

Skill      XL: |  1  2  3  4  5  6  7  8  9 10 11 12 |
---------------+-------------------------------------+-----
Armour         | 4 5 6 7 9 10 11 | 11.3
Shields        | 4 5 6 7 9 10 11 | 11.2
Fighting       | 4 5 6 7 8 9 |  9.7
Axes           | 3 4 5 6 8 10 11 13 | 13.7
Translocations | 2 3 4 5 6 |  6.5
Invocations    | 1 2 |  2.4
Dodging        | 2 3 |  3.5

Action                     |  1- 3 |  4- 6 |  7- 9 | 10-12 || total
---------------------------+-------+-------+-------+-------++-------
  Melee: War axe           |    79 |   112 |    67 |       ||   258
         Headbutt          |    11 |    18 |    53 |   142 ||   224
         Hand axe          |       |       |   185 |   726 ||   911
         Bite              |       |       |       |    65 ||    65
   Cast: Blink             |       |       |       |     2 ||     2
 Invoke: Heroism           |       |       |     5 |    15 ||    20
         Finesse           |       |       |       |     3 ||     3
  Evoke: Wand              |       |       |     1 |       ||     1
    Use: Potion            |       |       |     2 |     7 ||     9
         Scroll            |       |       |     7 |     2 ||     9
 Armour: Plate armour      |    44 |    67 |   203 |   248 ||   562
         Scale mail        |     7 |       |       |       ||     7
         Quicksilver drago |       |       |       |   319 ||   319
  Dodge: Dodged            |    23 |    27 |    57 |   249 ||   356
  Block: Buckler           |    19 |       |       |       ||    19
         Kite shield       |       |    58 |   134 |   436 ||   628
